 Dungeon Crawl Stone Soup version 0.31-a0-557-g6e16503903 (webtiles) character file.

Game seed: 18241731438448323145

422 Hubris850 the Changeling (level 6, 0/42 HPs)
             Began as a Draconian Shapeshifter on Aug 16, 2023.
             Was a Follower of Nemelex Xobeh.
             Slain by Pikel
             ... wielding a +2 whip of freezing
              (3 damage)
             ... on level 4 of the Dungeon.
             The game lasted 00:09:51 (2812 turns).

Hubris850 the Changeling (Draconian Shapeshifter)   Turns: 2812, Time: 00:09:52

Health: 0/42       AC:  9    Str: 17    XL:     6   Next: 63%
Magic:  6/6        EV: 12    Int: 10    God:    Nemelex Xobeh [*.....]
Gold:   214        SH:  0    Dex: 12    Spells: 5/5 levels left

rFire   . .          .
                       - Unarmed
rCold   . . .        (shield currently unavailable)
rNeg    . . .        (body armour unavailable)
rPois   .            (helmet restricted)
rElec   .            x - +2 cloak {Will+}
rCorr   .            (no gloves)
SInv    .            (no boots)
Will    +....        f - amulet of regeneration
Stlth   +            (no ring)
HPRegen 1.07/turn    (no ring)
MPRegen 0.10/turn

%: no passive effects
@: flux-form, slowed, glowing, very slow
A: glow, contaminating, reduced hp, AC +6, unfitting armour, cold-blooded
a: Begin Untransformation, Renounce Religion, Draw Escape, Draw Destruction,
Draw Summoning


You were on level 4 of the Dungeon.
You worshipped Nemelex Xobeh.
Nemelex Xobeh was aware of your devotion.
You were something dangerously unstable.
You visited 1 branch of the dungeon, and saw 5 of its levels.

You collected 214 gold pieces.

Inventory:

Hand Weapons
 m - a +3 mace
Missiles
 n - 26 poisoned darts (quivered)
 B - 2 javelins
Armour
 i - a scarf of invisibility
 x - a +2 cloak of willpower (worn)
Magical Staves
 s - a staff of conjuration
Jewellery
 f - an amulet of regeneration (around neck)
 r - a +6 ring of intelligence
 v - a ring of positive energy
Talismans
 b - a beast talisman
 c - a flux talisman (active)
Scrolls
 d - 3 scrolls of amnesia {unknown}
 g - a scroll of revelation {unknown}
 h - a scroll of noise {unknown}
 j - 3 scrolls of identify {unknown}
 l - 2 scrolls of enchant weapon {unknown}
 p - a scroll of acquirement {unknown}
 q - a scroll of torment {unknown}
 u - 2 scrolls of fear {unknown}
 y - a scroll of butterflies {unknown}
Potions
 a - 4 potions of lignification
 e - 5 potions of curing {unknown}
 k - a potion of haste {unknown}
 o - a potion of enlightenment {unknown}
 t - a potion of heal wounds {unknown}
 w - a potion of magic {unknown}
 z - 2 potions of attraction {unknown}
 A - 2 potions of degeneration {unknown}


   Skills:
 - Level 1.1 Fighting
 - Level 3.0 Dodging
 - Level 5.0 Unarmed Combat
 + Level 5.1 Shapeshifting


You had 5 spell levels left.
You didn't know any spells.
Your spell library was empty.

Dungeon Overview and Level Annotations

Branches:
Dungeon (5/15)
 Temple: D:4-7

Altars:
Ashenzari
Cheibriados
Gozag
Makhleb
Nemelex Xobeh
Okawaru
Uskayaw

Annotations:
D:4 Pikel


Innate Abilities, Weirdness & Mutations

You are something dangerously unstable.
You glow with magical radiation, making you easy to see and hit.
Foes you strike become dangerously contaminated with magical radiation.
Your maximum health is decreased, since you lack skill for your form.
You are incapable of wielding weapons or throwing items.
Your plain brown scales are hard. (AC +6)
You cannot fit into any form of body armour.
You are cold-blooded and may be slowed by cold attacks.


Message History

You tail-slap Pikel, but do no damage.
Pikel is lightly wounded.
The lemure hits you. Pikel hits you but does no damage.
You barely miss Pikel.
Pikel is lightly wounded.
The lemure hits you but does no damage.
Pikel hits you with a +2 whip of freezing!
You feel yourself slow down. Pikel freezes you.
You hit Pikel but do no damage.
Pikel glows dangerously bright.
Pikel is lightly wounded.
The lemure closely misses you.
Pikel hits you with a +2 whip of freezing.
Pikel freezes you.
You hit Pikel but do no damage.
Pikel shudders as magic cascades through him!!
Pikel twists and deforms.
Pikel is severely wounded.
You feel yourself speed up. The lemure misses you.
Pikel hits you with a +2 whip of freezing.
You feel yourself slow down. Pikel freezes you.
Pikel hits you with a +2 whip of freezing.
You feel as though you will be slow longer.
Pikel freezes you.
* * * LOW HITPOINT WARNING * * *
The lemure closely misses you.
You hit Pikel but do no damage.
Pikel begins to glow.
Pikel is severely wounded.
The lemure hits you but does no damage.
Pikel hits you with a +2 whip of freezing.
* * * LOW HITPOINT WARNING * * *
Pikel freezes you.
* * * LOW HITPOINT WARNING * * *
You hit Pikel.
Pikel glows dangerously bright.
Pikel is severely wounded.
The lemure hits you!
* * * LOW HITPOINT WARNING * * *
Pikel hits you with a +2 whip of freezing.
You die...
Your body glows slightly brighter and disappears.

#.# #....#.# ##### #.#
#.####.# ###...#########.#
#.# #.# ................# #.#
#.# ###....########## #.# #.#
.....#.# #.# #.# ..)†.#.#
##.####.#
###..#.##############.......#
#_'..#.##......5BK5....######
###..#.##.###########.##
..........# #.#
.....#....######## #.#
###.........^....# #.#
###.#####.######.# #.# ..))#
#.# #.# #.#
##..#####.######.####.#
...)..................#


You could see Pikel (heavy contam, misshapen) and 2 lemures.

Vanquished Creatures
  A bullfrog (D:4)
  A scorpion (D:4)
  2 orc priests (D:4)
  A sleepcap (D:4)
  Terence (D:2)
  An iguana (D:4)
  9 adders
  2 worms
  4 dart slugs
  5 orcs (D:4)
  4 endoplasms
  3 giant cockroaches
  3 goblins
  5 hobgoblins
  8 kobolds
  5 quokkas
  7 ball pythons
  8 bats
  4 frilled lizards
  6 rats (D:1)
80 creatures vanquished.

Notes
Turn   | Place    | Note
-------+----------+-------------------------------------------
     0 | D:1      | Hubris850 the Draconian Shapeshifter began the quest for
                  | the Orb.
     0 | D:1      | Reached XP level 1. HP: 16/16 MP: 1/1
   160 | D:1      | Reached XP level 2. HP: 23/23 MP: 2/2
   685 | D:1      | Reached XP level 3. HP: 28/28 MP: 3/3
   788 | D:2      | Noticed Terence
   797 | D:2      | Killed Terence
   929 | D:2      | Reached XP level 4. HP: 25/35 MP: 4/4
  1043 | D:2      | Found a sparkling altar of Nemelex Xobeh.
  1054 | D:2      | Became a worshipper of Nemelex Xobeh the Trickster
  1489 | D:3      | Found an opulent altar of Gozag.
  1674 | D:3      | Reached XP level 5. HP: 36/40 MP: 5/5
  1735 | D:3      | Found a burning altar of Makhleb.
  1795 | D:3      | Found a snail-covered altar of Cheibriados.
  1969 | D:4      | Found a large runed translucent door.
  1969 | D:4      | Found a large runed translucent door.
  2136 | D:4      | Reached skill level 5 in Unarmed Combat
  2174 | D:4      | Reached * piety under Nemelex Xobeh
  2281 | D:4      | Reached XP level 6. HP: 39/47 MP: 6/6
  2334 | D:4      | Found an iron altar of Okawaru.
  2453 | D:4      | Received a gift from Nemelex Xobeh
  2490 | D:4      | Found a broken altar of Ashenzari.
  2505 | D:4      | Reached skill level 5 in Shapeshifting
  2732 | D:4      | Found a hide-covered altar of Uskayaw.
  2743 | D:4      | Found a sparkling altar of Nemelex Xobeh.
  2798 | D:5      | Entered Level 5 of the Dungeon
  2798 | D:5      | Noticed Pikel
  2812 | D:4      | Slain by Pikel

Illustrated notes

Levels and vault maps discovered:
D:1:      dpeg_arrival_tiny_k, layout_basic, hangedman_abyss_or_decor_stabs,
          kennysheep_decorative_pillar
D:2:      layout_basic, basic_altar, serial_corexii_hall,
          chequers_hall_statues_corner_a, corexii_hall_statues_u,
          corexii_hall_statues_l, corexii_hall_statues_s,
          chequers_hall_statues_wall_a, chequers_hall_statues_corner_a,
          uniq_terence
D:3:      layout_rooms, cheibriados_altar_1, overflow_temple_1_default,
          mainiacjoe_overflow_six_doors_small, serial_glass, glass_columns_b,
          glass_columns_b, minmay_strange_pillars, feat_on_display,
          nicolae_half_adder
D:4:      layout_loops_ring, kennysheep_okawaru_gauntlet, jmf_multi_god_temple2,
          kennysheep_mini_moat
D:5:      layout_rooms, uniq_pikel

Skill      XL: |  1  2  3  4  5  6 |
---------------+-------------------+-----
Dodging        | 2 3 |  3.0
Unarmed Combat | 4 5 |  5.0
Shapeshifting  | 4 5 |  5.1
Fighting       | |  1.1

Action                     |  1- 3 |  4- 6 || total
---------------------------+-------+-------++-------
  Melee: Unarmed           |    79 |   146 ||   225
         Punch             |     4 |     2 ||     6
         Tailslap          |     4 |    16 ||    20
Ability: Begin Untransform |     1 |     1 ||     2
   Stab: Sleeping          |     1 |     3 ||     4
 Armour: Skin              |    19 |    36 ||    55
  Dodge: Dodged            |    48 |    79 ||   127
   Form: Beast             |     1 |       ||     1
         Flux              |       |     1 ||     1

Table legend: (Time is in decaauts)
 A = Elapsed time spent in this place.
 B = Non-inter-level travel time spent in this place.
 C = Inter-level travel time spent in this place.
 D = Time resting spent in this place.
 E = Time spent auto-exploring this place.
 F = Levels seen in this place.
 G = Mean time per level.
                   A        B        C        D        E       F      G
               +--------+--------+--------+--------+--------+-----+--------+
         Total |   2799 |   2680 |    119 |    135 |   1904 |   5 |  559.8 |
       Dungeon |   2799 |   2680 |    119 |    135 |   1904 |   5 |  559.8 |
               +--------+--------+--------+--------+--------+-----+--------+

Top non-repeatable levels by time:
     D:4: 894 daAuts
     D:1: 748 daAuts
     D:2: 676 daAuts
     D:3: 475 daAuts
     D:5: 3 daAuts
